 Dungeon Crawl Stone Soup version 0.32-a0-39-g5c88369fb2 (webtiles) character file.

Game seed: 15776548074725029614

134 Ge0ff the Charlatan (level 4, -3/35 HPs)
             Began as a Mummy Artificer on Feb 5, 2024.
             Was an Initiate of Gozag.
             Slain by Crazy Yiuf
             ... wielding a +2 quarterstaff of chaos
              (9 damage)
             ... on level 2 of the Dungeon.
             The game lasted 00:06:06 (2457 turns).

Ge0ff the Charlatan (Mummy Artificer)               Turns: 2457, Time: 00:06:07

Health: -3/35      AC:  4    Str: 15    XL:     4   Next: 95%
Magic:  4/4        EV: 11    Int: 12    God:    Gozag
Gold:   154        SH:  0    Dex: 12    Spells: 3/3 levels left

rFire   x . .        a - +0 short sword
rCold   + . .        (no shield)
rNeg    + + +        b - +0 leather armour
rPois   ∞            (no helmet)
rElec   .            (no cloak)
rCorr   .            V - +0 pair of gloves
SInv    .            (no boots)
Will    .....        (no amulet)
Stlth   ++           (no ring)
HPRegen 0.25/turn    (no ring)
MPRegen 0.09/turn

%: faith
@: weak-willed
A: cold resistance 1, negative energy resistance 3, torment resistance 2, heat
vulnerability 1, in touch with death 1, no potions, faith
a: Renounce Religion, Potion Petition, Call Merchant, Bribe Branch


You were on level 2 of the Dungeon.
You worshipped Gozag.
Gozag was aware of your devotion.
You visited 1 branch of the dungeon, and saw 2 of its levels.

You collected 154 gold pieces.

Inventory:

Hand Weapons
 a - a +0 short sword (weapon)
Missiles
 v - a curare-tipped dart {=F}
 U - 16 stones
Armour
 b - a +0 leather armour (worn)
 V - a +0 pair of gloves (worn)
Wands
 e - a wand of charming (11)
Scrolls
 i - a scroll of identify
 m - a scroll of revelation
 C - a scroll of poison
 T - 3 scrolls of teleportation


   Skills:
 - Level 3.0 Fighting
 - Level 1.5 Armour
 - Level 0.7 Dodging
 - Level 2.0 Stealth
 + Level 3.5 Evocations


You had 3 spell levels left.
You didn't know any spells.
Your spell library was empty.

Dungeon Overview and Level Annotations

Branches:
Dungeon (2/15) Zot: 9516

Altars:
Gozag

Shops:
D:1 [=*?:

Annotations:
D:2 Crazy Yiuf


Innate Abilities, Weirdness & Mutations

You are immune to poison.
Your flesh is cold resistant. (rC+)
You are immune to negative energy. (rN+++)
You are immune to unholy pain and torment.
You are vulnerable to heat. (rF-)
You are in touch with the powers of death.
You do not drink.
You have a special connection with the divine. (Faith)


Message History

There is an open door here.
Press: ? - help, v - describe, . - travel
Here: Crazy Yiuf, wielding a +2 quarterstaff of chaos and wearing a +0 cloak (fire blocked by a runed translucent door)
The floor.
Unknown command.
Could not explore, unopened runed door.
Search for what [Enter for "@ego||artefact||jewel||troll||scales||shield||talisman||manual||trap", or ? for help]? @ego||artefact||jewel||troll||scales||shield||talisman||manual||trap Can't find anything matching that.
You open the door.
Throw: 4 darts (curare) {=F}
Press: ? - help, Shift-Dir - straight line, f - Crazy Yiuf
Aim: Crazy Yiuf, wielding a +2 quarterstaff of chaos and wearing a +0 cloak (58% to hit)
You throw a curare-tipped dart {=F}.
The curare-tipped dart {=F} barely misses Crazy Yiuf.
Throw: 3 darts (curare) {=F}
Press: ? - help, Shift-Dir - straight line, f/p - Crazy Yiuf
Aim: Crazy Yiuf, wielding a +2 quarterstaff of chaos and wearing a +0 cloak (58% to hit)
You throw a curare-tipped dart {=F}.
The curare-tipped dart {=F} closely misses Crazy Yiuf.
Crazy Yiuf hits you with a +2 quarterstaff of chaos!
You are electrocuted!
Throw: 2 darts (curare) {=F}
Press: ? - help, Shift-Dir - straight line, f/p - Crazy Yiuf
Aim: Crazy Yiuf, wielding a +2 quarterstaff of chaos and wearing a +0 cloak (58% to hit)
You throw a curare-tipped dart {=F}.
The curare-tipped dart {=F} hits Crazy Yiuf.
Crazy Yiuf is poisoned.
Crazy Yiuf struggles to breathe.
Crazy Yiuf seems to slow down.
Crazy Yiuf is heavily wounded.
Crazy Yiuf attacks as he pursues you!
Crazy Yiuf hits you with a +2 quarterstaff of chaos.
Your willpower is stripped away!
Aiming: Throw Flame
Press: ? - help, Shift-Dir - straight line, f/p - Crazy Yiuf
Aim: Crazy Yiuf, wielding a +2 quarterstaff of chaos and wearing a +0 cloak (severely wounded, very poisoned, slow, 75% to hit)
The puff of flame hits Crazy Yiuf.
Crazy Yiuf is severely wounded.
The now-empty wand crumbles to dust.
You barely miss Crazy Yiuf.
Crazy Yiuf is severely wounded.
Crazy Yiuf closely misses you.
You hit Crazy Yiuf but do no damage.
Crazy Yiuf is almost dead.
You hit Crazy Yiuf but do no damage.
Crazy Yiuf is almost dead.
Crazy Yiuf hits you with a +2 quarterstaff of chaos!
* * * LOW HITPOINT WARNING * * *
Crazy Yiuf burns you!
You die...
Your body crumbles into a pile of gold.

....#...#......##...)<#........#.
....#...........+.....#...###..#<
................#.....'..........
..........#.....#.....########...
......#.###...........###### #...
###...### ############.....# #...
#...# #.###.# #... #...#
#######.###.###### #...# ###
###@#.P.+..##.#....# #####
#...##.g#..P....##.#.##.#
#(..(.####.P....##...##.# #)..###
##..+.########.# ### ###### #.#
#.# #.. ###


You could see Crazy Yiuf (poisoned, slow).

Vanquished Creatures
  2 orc wizards (D:2)
  3 adders (D:2)
  3 orcs (D:2)
  5 ball pythons
  3 bats (D:1)
  2 endoplasms (D:1)
  2 giant cockroaches (D:1)
  4 goblins
  5 hobgoblins
  4 jackals (D:1)
  5 quokkas
  6 kobolds
  2 rats
46 creatures vanquished.

Vanquished Creatures (collateral kills)
  A giant cockroach (D:1)
  2 bats (D:2)
  A rat (D:2)
4 creatures vanquished.

Vanquished Creatures (others)
  A jackal (D:1)
1 creature vanquished.

Grand Total: 51 creatures vanquished

Notes
Turn   | Place    | Note
-------+----------+-------------------------------------------
     0 | D:1      | Ge0ff the Mummy Artificer began the quest for the Orb.
     0 | D:1      | Reached XP level 1. HP: 15/15 MP: 1/1
   129 | D:1      | Found Imniphunk's Magic Scroll Shoppe.
   155 | D:1      | Reached skill level 1 in Stealth
   278 | D:1      | Found Annol's Book Emporium.
   311 | D:1      | Reached XP level 2. HP: 5/21 MP: 2/2
   427 | D:1      | HP: 1/21 [jackal (2)]
   589 | D:1      | Found Lomucvir's Jewellery Shop.
   695 | D:1      | Found Fashipaschu's General Store.
   978 | D:1      | Reached XP level 3. HP: 26/27 MP: 3/3
  1276 | D:1      | Found Renod's Armour Shoppe.
  1673 | D:2      | Reached XP level 4. HP: 33/34 MP: 4/4
  1846 | D:2      | Found a faded altar of an unknown god.
  1853 | D:2      | Prayed at the altar of an unknown god.
  1853 | D:2      | Became a worshipper of Gozag Ym Sagoz the Greedy
  2336 | D:2      | Found a runed translucent door.
  2337 | D:2      | Noticed Crazy Yiuf
  2457 | D:2      | Slain by Crazy Yiuf

Illustrated notes

Levels and vault maps discovered:
D:1:      co_arrival_square_in_a_square_in_a_square, layout_basic,
          serial_forest, infiniplex_forest_clump_small,
          infiniplex_forest_clump_tiny, infiniplex_forest_clump_curved,
          infiniplex_forest_diagonal, infiniplex_forest_clump_small,
          serial_shops, nicolae_shop_advertising_works
          [nicolae_subvault_shop_adworks], nicolae_shop_behind_doors,
          nicolae_book_shop_shelving, shop, shop
D:2:      layout_basic, shapermc_ecumenical_altar_totnotflames,
          uniq_crazy_yiuf_cottage

Skill      XL: |  1  2  3  4 |
---------------+-------------+-----
Stealth        | 1 2 |  2.0
Fighting       | 2 3 |  3.0
Evocations     | 3 |  3.5
Armour         | |  1.5
Dodging        | |  0.7

Action                     |  1- 3 |  4- 6 || total
---------------------------+-------+-------++-------
  Melee: Club              |    83 |       ||    83
         Short sword       |    78 |    60 ||   138
  Throw: Dart              |       |     3 ||     3
  Evoke: Wand              |    21 |     3 ||    24
    Use: Scroll            |     2 |     1 ||     3
   Stab: Sleeping          |     3 |       ||     3
 Armour: Leather armour    |   121 |    31 ||   152
  Dodge: Dodged            |   121 |    34 ||   155

Table legend: (Time is in decaauts)
 A = Elapsed time spent in this place.
 B = Non-inter-level travel time spent in this place.
 C = Inter-level travel time spent in this place.
 D = Time resting spent in this place.
 E = Time spent auto-exploring this place.
 F = Levels seen in this place.
 G = Mean time per level.
                   A        B        C        D        E       F      G
               +--------+--------+--------+--------+--------+-----+--------+
         Total |   2482 |   2384 |     98 |    129 |   1649 |   2 | 1241.0 |
       Dungeon |   2482 |   2384 |     98 |    129 |   1649 |   2 | 1241.0 |
               +--------+--------+--------+--------+--------+-----+--------+

Top non-repeatable levels by time:
     D:1: 1493 daAuts
     D:2: 988 daAuts
